 Dungeon Crawl Stone Soup version 0.28.0-53-g5a82cb258f (webtiles) character file.

Game seed: 4800698052119832207

4070 LustLizard the Cleaver (level 10, -6/88 HPs)
             Began as a Minotaur Berserker on June 26, 2022.
             Was a Priest of Trog.
             Mangled by a boulder beetle (36 damage)
             ... on level 8 of the Dungeon.
             The game lasted 00:19:10 (7845 turns).

LustLizard the Cleaver (Minotaur Berserker)         Turns: 7845, Time: 00:19:10

Health: -6/88      AC: 15    Str: 31    XL:     10   Next: 5%
Magic:  9/9        EV:  9    Int:  6    God:    Trog [***...]
Gold:   486        SH:  0    Dex:  9    Spells: 9/9 levels left

rFire   . . .      SeeInvis .   s - +0 war axe
rCold   + . .      Faith    .   (no shield)
rNeg    . . .      Spirit   .   d - +2 chain mail {rPois}
rPois   +          Reflect  .   (helmet restricted)
rElec   .          Harm     .   H - +0 cloak
rCorr   .          Rampage  .   (no gloves)
Will    .....                   I - +0 pair of boots
Stlth   ..........              (no amulet)
HPRegen 0.24/turn               j - +6 ring of strength
MPRegen 0.11/turn               y - ring of protection from cold

@: studying Armour
A: horns 2, retaliatory headbutt
a: Renounce Religion, Berserk, Trog's Hand


You were on level 8 of the Dungeon.
You worshipped Trog.
Trog was most pleased with you.
You visited 1 branch of the dungeon, and saw 8 of its levels.

You collected 486 gold pieces.

Inventory:

Hand Weapons
 a - a +0 hand axe
 s - a +0 war axe (weapon)
Missiles
 e - 2 curare-tipped darts
 f - 224 stones
 h - 5 silver javelins
 n - a javelin (quivered)
 t - 6 boomerangs
 x - 11 poisoned darts
Armour
 b - a +0 animal skin
 d - a +2 chain mail of poison resistance (worn)
 E - a +4 ring mail of fire resistance
 H - a +0 cloak (worn)
 I - a +0 pair of boots (worn)
Jewellery
 j - a +6 ring of strength (left hand)
 y - a ring of protection from cold (right hand)
 B - the amulet of Iphan {Harm rN+++ Regen+ SInv Stlth-}
   (You found it on level 5 of the Dungeon)

   [amulet of regeneration]

   rN:        It renders you almost immune to negative energy.
   SInv:      It lets you see invisible.
   Regen:     It increases your rate of health regeneration.
   Harm:      It increases damage dealt and taken.
   Stlth:     It makes you less stealthy.
Wands
 z - a wand of polymorph (3)
 C - a wand of flame (32)
 G - a wand of mindburst (13)
Scrolls
 c - 2 scrolls of enchant armour {unknown}
 i - a scroll of enchant weapon {unknown}
 m - a scroll of teleportation {unknown}
 o - 3 scrolls of immolation {unknown}
 p - a scroll of fog {unknown}
 q - a scroll of amnesia {unknown}
 r - 2 scrolls of summoning {unknown}
 v - a scroll of torment {unknown}
 w - 3 scrolls of magic mapping {unknown}
 A - a scroll of noise
 F - a scroll of silence {unknown}
 J - a scroll of fear {unknown}
 N - a scroll of holy word {unknown}
 O - a scroll of blinking {unknown}
Potions
 g - 3 potions of heal wounds
 k - 5 potions of curing
 l - a potion of degeneration
 u - a potion of might
 D - 3 potions of lignification
 K - a potion of haste {unknown}
 L - a potion of experience {unknown}
 M - a potion of resistance {unknown}


   Skills:
 + Level 8.2 Fighting
 * Level 10.9 Axes
 * Level 8.4 Throwing
 * Level 6.7 Armour
 - Level 2.1 Dodging
 * Level 3.1 Evocations


You had 9 spell levels left.
You didn't know any spells.
Your spell library was empty.

Dungeon Overview and Level Annotations

Branches:
Dungeon (8/15)             Temple (0/1) D:6
   Lair: D:8-11

Altars:
Ashenzari
Cheibriados
Gozag
Kikubaaqudgha
Makhleb
Qazlal
Ru
Trog
Yredelemnul
Zin
Beogh

Shops:
D:3 =   D:6 (((   D:7 [


Innate Abilities, Weirdness & Mutations

You have a pair of horns on your head.
You reflexively headbutt those who attack you in melee.


Message History

You can no longer call in reinforcements.
Your ogre rages.
The boulder beetle completely misses your ogre.
Your ogre hits the boulder beetle with a +0 giant club!
The boulder beetle bites your ogre!
Your ogre hits the boulder beetle with a +0 giant club!!
Your ogre hits the boulder beetle with a +0 giant club!!
The boulder beetle leaps!
The boulder beetle curls into a ball and begins rolling!
Your ogre rages.
The boulder beetle hits your ogre!!
Your ogre dies!
Your ogre's corpse disappears in a puff of smoke!
The boulder beetle stops rolling and uncurls.
Throw: 13 darts (poison)
Press: ? - help, Q - select action, (/) - cycle Shift-Dir - straight line, f - boulder beetle
Aim: a boulder beetle (severely wounded, unaware, hasn't noticed you, 90% to hit)
You throw a poisoned dart.
The poisoned dart hits the boulder beetle!
The boulder beetle is poisoned.
The boulder beetle is severely wounded.
The boulder beetle curls into a ball and begins rolling!
Throw: 12 darts (poison)
Press: ? - help, Q - select action, (/) - cycle Shift-Dir - straight line, f/p - boulder beetle
Aim: a boulder beetle (severely wounded, rolling, very poisoned, 90% to hit)
You throw a poisoned dart.
The poisoned dart hits the boulder beetle!
The boulder beetle looks as sick as possible!
The boulder beetle is severely wounded.
Throw: 2 javelins
Press: ? - help, Q - select action, (/) - cycle Shift-Dir - straight line, f/p - boulder beetle
Aim: a boulder beetle (severely wounded, rolling, extremely poisoned, 90% to hit)
You throw a javelin.
The javelin pierces through the boulder beetle.
The boulder beetle is severely wounded.
You hit the boulder beetle.
You headbutt the boulder beetle, but do no damage.
The boulder beetle is almost dead.
The boulder beetle hits you!!!
You die...

######## ##......# #####
........## ##...#
#.####...## ###....##
....##.#..# #......(#
.....#....# #...°°..##
.....#....# ###..°.....#
._.......#####..@B......#
.....#.........†).......##
.....#....###'##########.##
....##...## #.# ##.#
#.####..## #.≈.# ###
........# ##(## ....##..#
#.# ........# (≈. ........#
#)#


You could see a boulder beetle (rolling, extremely poisoned).

Vanquished Creatures
  A tengu warrior (D:8)
  A troll (D:5)
  A wyvern (D:7)
  A wraith (D:6)
  A steam dragon (D:8)
  Menkaure (D:6)
  Edmund (D:6)
  Duvessa (D:6)
  An acid dragon (D:8)
  2 water moccasins
  A sky beast (D:6)
  A necrophage (D:7)
  2 ogres (D:5)
  The ghost of MiltankisOP the Magician, an amateur DjTm (D:4)
  A centaur (D:8)
  2 phantoms (D:5)
  A kobold brigand (D:8)
  2 bullfrogs
  A wyvern zombie (D:7)
  2 scorpions
  Dowan (D:6)
  A water moccasin skeleton (D:6)
  5 killer bees (D:7)
  2 howler monkeys
  The ghost of gobodom the Magician, a weakling OpWz (D:3)
  2 centaur zombies
  7 hounds
  A bullfrog zombie (D:5)
  2 jellies
  Crazy Yiuf (D:6)
  4 orc priests
  2 iguanas
  3 orc wizards
  A hound skeleton (D:4)
  A howler monkey zombie (D:8)
  Robin (D:2)
  6 adders
  A white imp (D:7)
  3 worms
  2 dart slugs
  15 orcs
  10 ball pythons
  5 bats
  7 endoplasms
  5 giant cockroaches
  16 goblins
  9 hobgoblins
  9 kobolds
  2 quokkas
  3 frilled lizards
  6 rats
159 creatures vanquished.

Vanquished Creatures (others)
  An orc (D:8)
  6 fungi (D:2)
  5 plants (D:2)
12 creatures vanquished.

Grand Total: 171 creatures vanquished

Notes
Turn   | Place    | Note
-------+----------+-------------------------------------------
     0 | D:1      | LustLizard the Minotaur Berserker began the quest for the
                  | Orb.
     0 | D:1      | Reached XP level 1. HP: 19/19 MP: 0/0
   215 | D:1      | Reached skill level 4 in Axes
   253 | D:1      | Reached XP level 2. HP: 20/27 MP: 1/1
  1075 | D:2      | Found a faded altar of an unknown god.
  1076 | D:2      | Noticed Robin
  1083 | D:2      | Killed Robin
  1084 | D:2      | Reached skill level 1 in Throwing
  1084 | D:2      | Reached XP level 3. HP: 33/33 MP: 2/2
  1104 | D:2      | Reached ** piety under Trog
  1481 | D:2      | Reached XP level 4. HP: 40/40 MP: 3/3
  1768 | D:3      | Found Yczu's Jewellery Boutique.
  1809 | D:3      | Reached skill level 5 in Axes
  2105 | D:3      | Found a runed translucent door.
  2108 | D:3      | Noticed gobodom's ghost (weakling OpWz)
  2118 | D:3      | HP: 2/41 [gobodom's ghost (20)]
  2120 | D:3      | Killed gobodom's ghost
  2683 | D:3      | Found a snail-covered altar of Cheibriados.
  2692 | D:3      | Reached XP level 5. HP: 47/47 MP: 4/4
  2875 | D:3      | Found a basalt altar of Yredelemnul.
  3216 | D:4      | You fall into a shaft and drop 1 floor!
  3216 | D:5      | Entered Level 5 of the Dungeon
  3252 | D:5      | Noticed a troll
  3265 | D:5      | Killed a troll
  3266 | D:5      | Reached skill level 5 in Fighting
  3266 | D:5      | Reached skill level 6 in Axes
  3266 | D:5      | Reached XP level 6. HP: 29/56 MP: 5/5
  3508 | D:5      | Reached XP level 7. HP: 61/61 MP: 6/6
  3532 | D:5      | Reached skill level 7 in Axes
  3619 | D:5      | Reached *** piety under Trog
  3986 | D:4      | Found a burning altar of Makhleb.
  4051 | D:4      | Found a large runed translucent door.
  4051 | D:4      | Found a large runed translucent door.
  4056 | D:4      | Noticed MiltankisOP's ghost (amateur DjTm)
  4160 | D:4      | Reached skill level 5 in Throwing
  4470 | D:4      | Found a glowing silver altar of Zin.
  4485 | D:4      | Found a sacrificial altar of Ru.
  4642 | D:4      | Killed MiltankisOP's ghost
  4643 | D:4      | Reached skill level 8 in Axes
  4643 | D:4      | Reached XP level 8. HP: 65/70 MP: 7/7
  4880 | D:5      | Identified the amulet of Iphan {Harm rN+++ Regen+ SInv
                  | Stlth-}
  5312 | D:6      | Found Foocacu's Antique Weapon Emporium.
  5522 | D:6      | Noticed Edmund
  5535 | D:6      | Killed Edmund
  5536 | D:6      | Reached skill level 9 in Axes
  5862 | D:6      | Found a staircase to the Ecumenical Temple.
  5928 | D:6      | Found Mecef's Weapon Emporium.
  5944 | D:6      | Noticed Duvessa
  5944 | D:6      | Noticed Dowan
  5972 | D:6      | Killed Duvessa
  5993 | D:6      | Killed Dowan
  6149 | D:6      | Noticed Menkaure
  6155 | D:6      | Killed Menkaure
  6156 | D:6      | Reached XP level 9. HP: 79/79 MP: 8/8
  6168 | D:6      | Reached **** piety under Trog
  6313 | D:6      | Found an opulent altar of Gozag.
  6437 | D:6      | Found an ancient bone altar of Kikubaaqudgha.
  6603 | D:6      | Found a runed translucent door.
  6604 | D:6      | Noticed Crazy Yiuf
  6608 | D:6      | Killed Crazy Yiuf
  6666 | D:6      | Reached skill level 10 in Axes
  6668 | D:6      | Found Varum's Antique Weapon Shop.
  6736 | D:7      | Reached skill level 1 in Evocations
  6930 | D:7      | Found Lyow's Antique Armour Shoppe.
  7499 | D:8      | Found a stormy altar of Qazlal.
  7533 | D:8      | Found a broken altar of Ashenzari.
  7553 | D:8      | Reached skill level 5 in Armour
  7633 | D:8      | Found a bloodstained altar of Trog.
  7767 | D:8      | Noticed a tengu warrior
  7780 | D:8      | Killed a tengu warrior
  7781 | D:8      | Reached XP level 10. HP: 10/88 MP: 9/9
  7833 | D:8      | Noticed a boulder beetle
  7845 | D:8      | Mangled by a boulder beetle

Illustrated notes

Levels and vault maps discovered:
D:1:      minmay_arrival_stair_chambers, layout_loops_ring,
          hangedman_abyss_or_decor_lesser_grid, kennysheep_another_room
D:2:      layout_basic, dreamdust_ecumenical_altar_grove, uniq_robin
D:3:      layout_basic, lemuel_coloured_pillars_altar, slow_altar_2,
          serial_shops, shop, gammafunk_ghost_grave, minmay_shallow_snake_nest
D:4:      layout_loops_ring, mainiacjoe_overflow_cross_hatched,
          mainiacjoe_overflow_big_doors, ebering_ghost_disaster_area,
          grunt_ministairs_6, kennysheep_flooded_box, kennysheep_orc_chapel
D:5:      layout_basic, minmay_strange_pillars, minmay_tree_intersection
D:6:      layout_basic, grunt_gozag_statues, kiku_gazebo_pond_becter,
          minmay_temple_entry_water_ring, serial_shops, shop, kennysheep_mini,
          nicolae_square_shop, uniq_edmund, uniq_duvessa, uniq_menkaure,
          uniq_crazy_yiuf_cottage
D:7:      layout_cave_pools, serial_shops, nicolae_shop_hallway_stairs
D:8:      hangedman_cross_veins, layout_cave_pools, old_standard_altar,
          amcnicky_altar_gilded, ashenzari_conservatory_becter,
          jmf_multi_god_temple, uniq_psyche

Skill      XL: |  1  2  3  4  5  6  7  8  9 |
---------------+----------------------------+-----
Axes           | 4 5 6 8 9 10 | 10.9
Fighting       | 4 5 6 7 8 |  8.2
Throwing       | 1 2 3 4 5 7 8 |  8.4
Armour         | 6 |  6.7
Evocations     | 3 |  3.1
Dodging        | |  2.1

Action                   |  1- 3 |  4- 6 |  7- 9 | 10-12 || total
-------------------------+-------+-------+-------+-------++-------
Melee: Hand axe          |    78 |    61 |       |       ||   139
       Headbutt          |     8 |     8 |    31 |     2 ||    49
       Punch             |     1 |     2 |     1 |       ||     4
       War axe           |       |    12 |   234 |     4 ||   250
Throw: Stone             |    33 |    90 |   122 |       ||   245
       Boomerang         |       |     2 |     2 |       ||     4
       Dart              |       |       |       |     2 ||     2
       Javelin           |       |       |       |     1 ||     1
Invok: Berserk           |       |     2 |     1 |       ||     3
       Trog's Hand       |       |       |     1 |       ||     1
       Brothers in Arms  |       |       |       |     1 ||     1
  Use: Scroll            |       |       |     6 |       ||     6
       Potion            |       |       |       |     1 ||     1
Armor: Animal skin       |     2 |       |       |       ||     2
       Chain mail        |    22 |    27 |   125 |     2 ||   176
Dodge: Dodged            |    39 |    34 |   101 |       ||   174
